 Dungeon Crawl Stone Soup version 0.26-a0-639-g72c4674329 (webtiles) character file.

Game seed: 16219260316375686053

130 Borgoz the Skirmisher (level 5, -2/33 HPs)
             Began as a Gargoyle Berserker on Sept 19, 2020.
             Was a Believer of Trog.
             Slain by p0werm0de's ghost (12 damage)
             ... while paralysed
             ... on level 3 of the Dungeon.
             The game lasted 00:02:28 (2990 turns).

Borgoz the Skirmisher (Gargoyle Berserker)          Turns: 2990, Time: 00:02:28

Health: -2/33      AC:  9    Str: 20    XL:     5   Next: 13%
Magic:  5/5        EV:  2    Int:  8    God:    Trog [**....]
Gold:   162        SH:  0    Dex: 10    Spells: 4/4 levels left

rFire    . . .     SeeInvis .   a - +1 mace
rCold    . . .     Faith    .   (no shield)
rNeg     + . .     Spirit   .   n - +0 leather armour
rPois    ∞         Reflect  .   (no helmet)
rElec    +         Harm     .   m - +0 cloak
rCorr    .         Rampage  .   j - +0 pair of gloves
MR       .....                  (no boots)
Stlth    +.........             (no amulet)
HPRegen  0.11/turn              (no ring)
MPRegen  0.09/turn              (no ring)

@: paralysed, berserk cooldown, slowed
A: negative energy resistance 1, electricity resistance, unbreathing,
petrification resistance, rot immunity, AC +4
a: Berserk, Trog's Hand, Renounce Religion


You were on level 3 of the Dungeon.
You worshipped Trog.
Trog was pleased with you.
You visited 1 branch of the dungeon, and saw 3 of its levels.

You collected 162 gold pieces.

Inventory:

Hand Weapons
 a - a +1 mace (weapon)
Armour
 j - a +0 pair of gloves (worn)
 m - a +0 cloak (worn)
 n - a +0 leather armour (worn)
Jewellery
 e - an uncursed ring of flight
Scrolls
 b - 2 scrolls of amnesia {unknown}
 c - 6 scrolls of remove curse {unknown}
 h - 4 scrolls of fear {unknown}
 i - 4 scrolls of identify {unknown}
 k - a scroll of blinking {unknown}
 l - 2 scrolls of random uselessness {unknown}
Potions
 d - a potion of curing {unknown}
 f - 2 potions of mutation {unknown}
 g - a potion of flight {unknown}
 o - a potion of lignification {unknown}
 p - a potion of brilliance {unknown}


   Skills:
 + Level 4.2 Fighting
 + Level 3.9 Maces & Flails
 + Level 3.3 Armour
 + Level 2.4 Dodging


You had 4 spell levels left.
You didn't know any spells.
Your spell library was empty.

Dungeon Overview and Level Annotations

Branches:
Dungeon (3/15)

Altars:
Elyvilon
Hepliaklqana
Kikubaaqudgha
Makhleb
Uskayaw
Vehumet
Wu Jian
Zin

Annotations:
D:3 p0werm0de's ghost, amateur DsFi


Innate Abilities, Weirdness & Mutations

You are resistant to torment.
Your stone body is resilient. (AC +4)
You are immune to poison.
You resist negative energy. (rN+)
You are resistant to electric shocks. (rElec)
You can survive without breathing.
You are immune to petrification.
You are immune to rotting.


Message History

P0werm0de's ghost is severely damaged.
P0werm0de's ghost hits you.
You completely miss p0werm0de's ghost.
P0werm0de's ghost is severely damaged.
You sock p0werm0de's ghost!
P0werm0de's ghost is almost destroyed.
P0werm0de's ghost says, "First you will suffer, then you will die."
P0werm0de's ghost hits you.
You barely miss p0werm0de's ghost.
P0werm0de's ghost is almost destroyed.
P0werm0de's ghost hits you but does no damage.
You completely miss p0werm0de's ghost.
P0werm0de's ghost is almost destroyed.
You are no longer berserk.
You pass out from exhaustion.
You feel yourself slow down. P0werm0de's ghost hits you.
P0werm0de's ghost hits you.
* * * LOW HITPOINT WARNING * * *
P0werm0de's ghost hits you!
You die...

#.####.######...## #.####.# #####
#......# ######.# #### #.# ...#
#.# ##.# #.# ### ###############
#.########.###.###........##....
##.##...........@W..#########.###
......#####.###.##..#Z#.#.# #.# #
##.#### ##...##.##..#.....# #.# #
#.# #.....#.....'...$## #.###
##.# ##...#####..'.!./.# #....
...# ##.######..'....## #####
##.# #.........#.....# # #.#
#.#######.#.#.#.# # ##.### ##+##
######### #


You could see p0werm0de's ghost and a bullfrog skeleton.

Vanquished Creatures
  Crazy Yiuf (D:2)
  A howler monkey zombie (D:3)
  2 adders (D:3)
  An ooze (D:3)
  2 worms
  3 dart slugs
  2 leopard geckos
  2 bats (D:1)
  2 giant cockroaches (D:1)
  6 goblins
  13 hobgoblins
  8 kobolds
  4 frilled lizards
  6 rats
53 creatures vanquished.

Vanquished Creatures (others)
  A fungus (D:2)
1 creature vanquished.

Grand Total: 54 creatures vanquished

Notes
Turn   | Place    | Note
-------+----------+-------------------------------------------
     0 | D:1      | Borgoz the Gargoyle Berserker began the quest for the Orb.
     0 | D:1      | Reached XP level 1. HP: 14/14 MP: 1/1
   250 | D:1      | Reached XP level 2. HP: 17/19 MP: 2/2
   709 | D:1      | Reached XP level 3. HP: 23/23 MP: 3/3
  1445 | D:2      | Reached ** piety under Trog
  1671 | D:2      | Found an ornate altar of the Wu Jian Council.
  1673 | D:2      | Found a hide-covered altar of Uskayaw.
  1678 | D:2      | Found a hazy altar of Hepliaklqana.
  1678 | D:2      | Found a burning altar of Makhleb.
  1678 | D:2      | Found a glowing silver altar of Zin.
  1681 | D:2      | Found an ancient bone altar of Kikubaaqudgha.
  1831 | D:2      | Found a runed translucent door.
  1832 | D:2      | Noticed Crazy Yiuf
  1840 | D:2      | Killed Crazy Yiuf
  1840 | D:2      | Reached XP level 4. HP: 29/29 MP: 4/4
  1970 | D:3      | Reached skill level 4 in Fighting
  2436 | D:3      | Found a runed translucent gate.
  2438 | D:3      | Found a runed translucent gate.
  2439 | D:3      | Found a runed translucent gate.
  2441 | D:3      | Noticed p0werm0de's ghost (amateur DsFi)
  2507 | D:3      | Found a white marble altar of Elyvilon.
  2529 | D:3      | Found a white marble altar of Elyvilon.
  2738 | D:3      | Reached XP level 5. HP: 29/33 MP: 5/5
  2772 | D:3      | Found a radiant altar of Vehumet.
  2990 | D:3      | Slain by p0werm0de's ghost

Illustrated notes

Levels and vault maps discovered:
D:1:      onia_arrival_pentagram, layout_basic
D:2:      layout_loops_ring, minitemple, uniq_crazy_yiuf_cottage
D:3:      layout_loops_corners, lemuel_crystal_altar, marbit_many_paths,
          gammafunk_ghost_necromancy, elyvilon_altar_3

Skill      XL: |  1  2  3  4 |
---------------+-------------+-----
Dodging        | 2 |  2.4
Armour         | 3 |  3.3
Fighting       | 4 |  4.2
Maces & Flails | |  3.9

Action                   |  1- 3 |  4- 6 || total
-------------------------+-------+-------++-------
Melee: Mace              |   110 |    75 ||   185
Invok: Berserk           |     1 |     1 ||     2
  Use: Scroll            |     1 |       ||     1
 Stab: Sleeping          |     2 |       ||     2
Armor: Animal skin       |    39 |     4 ||    43
       Leather armour    |       |    18 ||    18
Dodge: Dodged            |    85 |    39 ||   124

Table legend: (Time is in decaauts)
 A = Elapsed time spent in this place.
 B = Non-inter-level travel time spent in this place.
 C = Inter-level travel time spent in this place.
 D = Time resting spent in this place.
 E = Time spent auto-exploring this place.
 F = Levels seen in this place.
 G = Mean time per level.
                   A        B        C        D        E       F      G
               +--------+--------+--------+--------+--------+-----+--------+
         Total |   3038 |   2955 |     83 |    289 |   2244 |   3 | 1012.7 |
       Dungeon |   3038 |   2955 |     83 |    289 |   2244 |   3 | 1012.7 |
               +--------+--------+--------+--------+--------+-----+--------+

Top non-repeatable levels by time:
     D:3: 1100 daAuts
     D:1: 1067 daAuts
     D:2: 870 daAuts
